 Dungeon Crawl Stone Soup version 0.16-a0-3041-gb38e1a0 (webtiles) character file.

4181 Fiveotanaka the Grappler (level 10, -4/88 HPs)
             Began as a Troll Monk on Dec 8, 2014.
             Was a High Priest of Okawaru.
             Slain by Joseph
             ... wielding a +1 quarterstaff of draining
              (30 damage)
             ... on level 8 of the Dungeon.
             The game lasted 00:31:06 (6819 turns).

Fiveotanaka the Grappler (Troll Monk)               Turns: 6819, Time: 00:31:06

Health: -4/88      AC:  8    Str: 21    XL:     10   Next: 8%
Magic:  2/4        EV: 13    Int:  9    God:    Okawaru [*****.]
Gold:   652        SH:  0    Dex: 15    Spells: 0 memorised, 9 levels left

rFire  . . .     SeeInvis .       - Unarmed
rCold  . . .     Clarity  .     d - +0 robe
rNeg   . . .     SustAb   .     (shield restricted)
rPois  .         Gourm    +     (helmet restricted)
rElec  .         Spirit   .     L - +2 cloak
rCorr  .         Warding  .     (gloves unavailable)
rMut   .         Stasis   .     (boots unavailable)
MR     .....                    M - amulet of regeneration
Stlth  ++........               J - ring of teleport control (curse)
                                S - +3 ring of intelligence (curse)

@: lethally poisoned, heroism, drained, not resistant to hostile enchantments,
unstealthy
A: unfitting armour, claws 3, fast metabolism 3, gourmand, regeneration 2,
shaggy fur 1, tough skin 2
a: Heroism, Finesse, Renounce Religion, Evoke Teleport Control


You were on level 8 of the Dungeon.
You worshipped Okawaru.
Okawaru was extremely pleased with you.
You were very full.

You visited 1 branch of the dungeon, and saw 8 of its levels.
You also visited: Ossuary.

You collected 652 gold pieces.

Inventory:

Missiles
 j - 30 poisoned needles
 o - 183 stones (quivered)
 C - 7 curare-tipped needles
 E - 2 throwing nets
 F - 3 needles of slowing
Armour
 d - a +0 robe (worn)
 L - a +2 cloak (worn)
Jewellery
 f - a cursed ring of fire
 l - an uncursed ring of protection from fire
 y - an uncursed ring of wizardry
 J - a cursed ring of teleport control (right claw)
 M - an amulet of regeneration (around neck)
 S - a cursed +3 ring of intelligence (left claw)
Magical devices
 s - a wand of random effects (18)
 H - a wand of flame (18)
 K - a wand of enslavement (10)
 N - a wand of magic darts (28)
Scrolls
 h - a scroll of remove curse {unknown}
 i - 6 scrolls of magic mapping
 k - 2 scrolls of blinking {unknown}
 m - 3 scrolls of amnesia {unknown}
 p - 2 scrolls of fear {unknown}
 r - a scroll of immolation {unknown}
 w - 4 scrolls of teleportation
 x - 2 scrolls of noise {unknown}
 A - 2 scrolls of enchant armour {unknown}
 D - a scroll of random uselessness {unknown}
Potions
 a - 2 potions of agility {unknown}
 c - 3 potions of restore abilities
 e - a potion of might {unknown}
 g - a potion of heal wounds
 n - 3 potions of curing
 q - 2 potions of invisibility {unknown}
 t - a potion of lignification {unknown}
 z - a potion of berserk rage
 B - a potion of magic {unknown}
 G - a potion of haste {unknown}
 I - 2 potions of degeneration {unknown}
 Q - 2 potions of resistance {unknown}
 R - a potion of brilliance {unknown}
Books
 T - a book of Frost

   Spells                             Type                      Level
   a - Freeze                         Ice                          1
   b - Throw Frost                    Conjuration/Ice              2
   c - Ozocubu's Armour               Charms/Ice                   3
   d - Throw Icicle                   Conjuration/Ice              4
   e - Summon Ice Beast               Ice/Summoning                4
   f - Condensation Shield            Ice                          4
Comestibles
 b - 5 meat rations
 u - 10 beef jerkies
 v - 8 bread rations
 O - a slice of pizza
 P - 3 chunks of flesh


   Skills:
 - Level 2.4(6.2) Fighting
 - Level 2.4(6.2) Dodging
 - Level 1.1(4.9) Stealth
 + Level 14.4(17.8) Unarmed Combat


You had 9 spell levels left.
You didn't know any spells.

Dungeon Overview and Level Annotations

Branches:
Dungeon (8/15)             Temple (0/1) D:7
   Lair: D:8-11

Altars:
Gozag
Nemelex Xobeh
Okawaru
Qazlal
Ru
Trog
Vehumet
Zin
The Shining One

Annotations:
D:8 Joseph


Innate Abilities, Weirdness & Mutations

You are too large for most types of armour.
You have claws for hands.
Your metabolism is lightning-fast.
You like to eat raw meat.
You heal very quickly.
You are covered in fur (AC +1).
You have very tough skin (AC +2).


Message History

Joseph is moderately wounded.
You feel sick. Joseph hits you but does no damage.
You feel drained.
You claw Joseph!
Joseph is heavily wounded.
You feel sick.
Joseph hits you with an uncursed quarterstaff of draining.
You feel drained.
You barely miss Joseph.
Joseph is heavily wounded.
You scratch Joseph.
Joseph is heavily wounded.
You feel sick.
Joseph hits you with an uncursed quarterstaff of draining!!
You feel drained.
* * * LOW HITPOINT WARNING * * *
You mangle Joseph!!
Joseph is severely wounded.
You feel sick.
Joseph hits you with an uncursed quarterstaff of draining!!
You die...

##################### *******
................(...# *,,,,,*
....................# *,,,,,*
....................# *,,,,,*
....................# *,,...*
....................####.....*
.....####.......†............####
.....# #.......@................
###### #.......@................
#........................
#......................^.
*****####................_,,#....
*,,,*#..###...............,,+....
*,,,,#....†...............,,#....
*,,,,+....#.............#,,,#....
###+##..###.............#,,,#..>.


You could see Joseph (berserk).

Vanquished Creatures
  The ghost of Minkie the Digger, an experienced GrEE of Okawaru (D:6)
  The ghost of Minkie the Destroyer, an experienced TeFE of Vehumet (D:5)
  Eustachio (D:6)
  An orc warrior (D:7)
  3 ogres
  2 ice beasts
  An eye of draining (D:8)
  2 centaurs (D:7)
  Sigmund (D:6)
  4 giant frogs (D:7)
  An elf zombie (Ossuary)
  3 scorpions
  A water moccasin zombie (D:5)
  15 killer bees
  4 wights (D:6)
  A yellow wasp zombie (D:8)
  A centaur zombie (D:8)
  A crimson imp (D:7)
  2 giant frog zombies
  6 orc priests
  Crazy Yiuf (D:6)
  5 hounds
  A centaur skeleton (D:7)
  2 iguanas
  4 orc wizards
  2 giant frog skeletons
  6 worker ants
  7 big kobold zombies (Ossuary)
  Ijyb (D:2)
  A hound skeleton (D:4)
  2 mummies (Ossuary)
  4 gnolls (D:5)
  9 adders
  2 giant mites
  A worm (D:6)
  4 oozes
  23 orcs
  4 giant cockroaches
  11 hobgoblins
  3 quokkas
  4 ball pythons
  13 bats
  4 giant geckos
  6 giant newts
  A gnoll zombie (Ossuary)
  12 goblins
  3 hobgoblin zombies (Ossuary)
  8 jackals
  A jackal skeleton (D:5)
  12 kobolds
  2 orc zombies (Ossuary)
  A quokka zombie (D:8)
  12 rats
224 creatures vanquished.

Vanquished Creatures (others)
  4 plants (D:8)
4 creatures vanquished.

Grand Total: 228 creatures vanquished

Notes
Turn   | Place    | Note
--------------------------------------------------------------
     0 | D:1      | Fiveotanaka, the Troll Monk, began the quest for the Orb.
     0 | D:1      | Reached XP level 1. HP: 22/22 MP: 1/1
   353 | D:1      | Reached XP level 2. HP: 29/29 MP: 1/1
   967 | D:2      | Reached skill level 5 in Unarmed Combat
  1018 | D:2      | Reached XP level 3. HP: 36/36 MP: 2/2
  1283 | D:2      | Found a glowing golden altar of the Shining One.
  1389 | D:2      | Noticed Ijyb
  1403 | D:2      | Killed Ijyb
  1403 | D:2      | Reached XP level 4. HP: 44/44 MP: 2/2
  1652 | D:3      | Found a sparkling altar of Nemelex Xobeh.
  1655 | D:3      | Reached skill level 6 in Unarmed Combat
  1731 | D:3      | Found an iron altar of Okawaru.
  1745 | D:3      | Became a worshipper of Warmaster Okawaru
  1745 | D:3      | Acquired Okawaru's first power
  1867 | D:3      | Reached XP level 5. HP: 44/50 MP: 2/2
  2096 | D:3      | Found an opulent altar of Gozag.
  2096 | D:3      | Found a sacrificial altar of Ru.
  2096 | D:3      | Found a stormy altar of Qazlal.
  2462 | D:4      | Found a bloodstained altar of Trog.
  2625 | D:4      | Reached skill level 7 in Unarmed Combat
  2770 | D:4      | Reached XP level 6. HP: 59/59 MP: 3/3
  3001 | D:5      | Entered Level 5 of the Dungeon
  3064 | D:5      | Reached skill level 8 in Unarmed Combat
  3101 | D:5      | Reached XP level 7. HP: 31/66 MP: 3/3
  3181 | D:5      | Noticed Minkie's ghost (experienced TeFE)
  3197 | D:5      | Killed Minkie's ghost
  3197 | D:5      | Reached skill level 9 in Unarmed Combat
  3825 | D:6      | Noticed Minkie's ghost (experienced GrEE)
  3837 | D:6      | Killed Minkie's ghost
  3837 | D:6      | Reached skill level 10 in Unarmed Combat
  3837 | D:6      | Reached XP level 8. HP: 50/74 MP: 3/3
  4035 | D:6      | Found a glowing silver altar of Zin.
  4087 | D:6      | Noticed Eustachio
  4119 | D:6      | Killed Eustachio
  4119 | D:6      | Reached skill level 11 in Unarmed Combat
  4415 | D:6      | Noticed Sigmund
  4432 | D:6      | Killed Sigmund
  4578 | D:6      | Reached skill level 12 in Unarmed Combat
  4646 | D:6      | Noticed Crazy Yiuf
  4651 | D:6      | Killed Crazy Yiuf
  4714 | D:7      | Reached XP level 9. HP: 77/80 MP: 4/4
  4831 | D:7      | Found a staircase to the Ecumenical Temple.
  5140 | D:7      | Reached skill level 13 in Unarmed Combat
  5165 | D:7      | Acquired Okawaru's second power
  5176 | D:7      | HP: 2/80 [killer bee (9)]
  6334 | D:8      | Reached skill level 14 in Unarmed Combat
  6349 | D:8      | Found a sand-covered staircase.
  6361 | Ossuary  | Entered an ossuary
  6675 | D:8      | Reached XP level 10. HP: 88/88 MP: 4/4
  6732 | D:8      | Found a radiant altar of Vehumet.
  6807 | D:8      | Noticed Joseph
  6819 | D:8      | Slain by Joseph

Action                   |  1- 3 |  4- 6 |  7- 9 | 10-12 || total
-------------------------+-------+-------+-------+-------++-------
Melee: Unarmed           |   103 |   161 |   366 |    28 ||   658
Invok: Heroism           |       |       |     2 |     1 ||     3
  Use: Scroll            |       |     2 |     3 |     1 ||     6
       Potion            |       |       |     2 |       ||     2
 Stab: Sleeping          |     3 |     1 |     1 |       ||     5
       Distracted        |       |       |     1 |       ||     1
  Eat: Chunk             |    17 |    17 |    32 |     1 ||    67
